 Dungeon Crawl Stone Soup version 0.29-a0-233-g1125b37a9b (webtiles) character file.

Game seed: 7126633333770446053

704 spaghetti the Nimble (level 7, 0/69 HPs)
             Began as an Octopode Fighter on Mar 1, 2022.
             Slain by a scorpion (8 damage)
             ... on level 5 of the Dungeon.
             The game lasted 00:08:36 (5990 turns).

spaghetti the Nimble (Octopode Fighter)             Turns: 5990, Time: 00:08:37

Health: 0/69       AC:  1    Str: 15    XL:     7   Next: 67%
Magic:  16/16      EV: 20    Int: 11    God:
Gold:   250        SH:  9    Dex: 13    Spells: 6/6 levels left

rFire   . . .      SeeInvis .   s - +3 dagger (speed) {short}
rCold   + . .      Faith    .   a - +0 buckler
rNeg    . . .      Spirit   .   (helmet restricted)
rPois   .          Reflect  +   p - amulet of reflection
rElec   .          Harm     .   g - ring of magical power
rCorr   .          Rampage  .   c - ring of protection from cold
Will    .....                   x - +4 ring of evasion
Stlth   ..........              (no ring)
HPRegen 0.21/turn               (no ring)
MPRegen 0.15/turn               (no ring)
                                (no ring)
                                (no ring)

@: berserking, very quick
A: almost no armour, amphibious, 8 rings, camouflage 1, gelatinous body 1,
(nimble swimmer 1), tentacles
a: no special abilities


You were on level 5 of the Dungeon.
You visited 1 branch of the dungeon, and saw 5 of its levels.

You collected 250 gold pieces.


Innate Abilities, Weirdness & Mutations

You cannot wear most types of armour.
You are amphibious.
You can wear up to eight rings at the same time.
Your skin changes colour to match your surroundings (Stealth+).
Your rubbery body absorbs attacks. (AC +1, EV +1)
((You are camouflaged when in or above water. (Stealth+)))
You have tentacles for arms and can constrict up to eight enemies at once.


   Skills:
 - Level 3.0 Fighting
 + Level 8.8 Dodging
 - Level 3.0 Shields
 - Level 2.0 Unarmed Combat


You had 6 spell levels left.
You didn't know any spells.
Your spell library was empty.

Inventory:

Hand Weapons
 b - a +4 dagger of flaming {short}
   (You took it off an orc wizard on level 4 of the Dungeon)
 h - a +0 vorpal hunting sling {sling}
   (You found it on level 1 of the Dungeon)
 s - a +3 dagger of speed (weapon) {short}
   (You took it off a hobgoblin on level 3 of the Dungeon)
Missiles
 f - 5 boomerangs {throwing}
 i - 94 stones (quivered) {throwing}
 j - 2 javelins {throwing}
 m - 7 poisoned darts {throwing}
Armour
 a - a +0 buckler (worn)
Magical Staves
 n - a staff of earth {!astaff}
   (You found it on level 4 of the Dungeon)
Jewellery
 c - a ring of protection from cold (right tentacle)
   (You found it on level 1 of the Dungeon)
 g - a ring of magical power (left tentacle)
   (You found it on level 2 of the Dungeon)
 p - an amulet of reflection (around mantle)
   (You found it on level 4 of the Dungeon)
 q - a ring of fire
   (You took it off a kobold on level 2 of the Dungeon)
 x - a +4 ring of evasion (on tentacle)
   (You found it on level 3 of the Dungeon)
Wands
 y - a wand of charming (11)
   (You took it off Ijyb on level 3 of the Dungeon)
Scrolls
 l - 2 scrolls of noise {!r}
 o - a scroll of identify {@r1}
 t - 2 scrolls of teleportation {@r4}
Potions
 d - 2 potions of curing {@q1}
 e - a potion of magic
 r - a potion of invisibility
 v - a potion of brilliance
 w - a potion of attraction {!q}
 z - 2 potions of heal wounds {@q2}
 A - a potion of haste {@q3}
 B - a potion of flight

Dungeon Overview and Level Annotations

Branches:
Dungeon (5/15)
 Temple: D:4-7

Altars:
Qazlal
Ru

.........#
.........#
#....(..#
#...######
#.......#
..###
###.......#
.........###
#..........
#.......#
#....s..#
#....@Y.#
##.###### ##
#.# #. #.# #.
#.# #. #.# #.
#.#
#############.
#.#
#.............
#.#
#.............


You could see a sky beast and a scorpion.


Message History

You hit the sky beast but do no damage. Your squeeze misses the sky beast.
You hit the sky beast. You squeeze the sky beast.
The sky beast flickers out of sight!
Deactivating autopickup; reactivate with Ctrl-A.
You block something's attack.
No target in view!
No target in view!
No target in view!
No target in view!
No target in view!
No target in view!
No target in view!
No target in view!
No target in view!
No target in view!
Unknown command.
You hit something. Your squeeze misses something.
A sky beast appears from thin air!
Reactivating autopickup.
The sky beast misses you.
You closely miss the sky beast. You squeeze the sky beast!
You hit the sky beast.
The sky beast flickers out of sight!
Deactivating autopickup; reactivate with Ctrl-A.
Something closely misses you.
You hit something.
Reactivating autopickup.
You feel a bit more experienced.
r - a brown potion 😎 HP[+8]
Your hp is fully restored (46).
You now have 237 gold pieces (gained 18).
You now have 241 gold pieces (gained 4).
t - 2 scrolls of teleportation {@r4} (gained 1)
Found a stone staircase leading down.
As you read the scroll of identify {@r1}, it crumbles to dust.
r - a potion of invisibility You now have 250 gold pieces (gained 9).
A sky beast comes into view.
A scorpion comes into view.
The helpless sky beast fails to defend itself.
You hit the sky beast but do no damage. You hit the sky beast.
Your tentacle-slap misses the sky beast.
The sky beast barely misses you.
You hit the sky beast. The sky beast hits you.
The sky beast shocks you. 😕 HP[-7]
You take 7 damage, and now have 39/46 hp.
You barely miss the sky beast. 😕 HP[+1]
You hit the sky beast. You block the sky beast's attack.
You closely miss the sky beast. Your squeeze misses the sky beast.
The sky beast hits you. The sky beast shocks you.
You are too injured to fight recklessly! 😮 HP[-7]
You take 7 damage, and now have 33/46 hp.
You are too injured to fight recklessly!
You are too injured to fight recklessly!
You are too injured to fight recklessly!
You are too injured to fight recklessly!
You are too injured to fight recklessly!
You are too injured to fight recklessly!
You hit the sky beast. You squeeze the sky beast. The sky beast hits you.
The sky beast shocks you. 😮 HP[-9]
You take 9 damage, and now have 24/46 hp.
You hit the sky beast. You hit the sky beast. The sky beast hits you.
* * * LOW HITPOINT WARNING * * *
The sky beast shocks you.
* * * LOW HITPOINT WARNING * * *
😨 HP[-7]
You take 7 damage, and now have 17/46 hp.
You miss the sky beast. You squeeze the sky beast.
You block the sky beast's attack.
You hit the sky beast but do no damage. You barely miss the sky beast.
The sky beast misses you.
You hit the sky beast. You block the sky beast's attack.
You hit the sky beast but do no damage. Your squeeze misses the sky beast.
You block the scorpion's attack.
The sky beast completely misses you. 😨 HP[+1]
You hit the sky beast. The scorpion closely misses you.
You hit the sky beast but do no damage. The sky beast hits you.
* * * LOW HITPOINT WARNING * * *
The sky beast shocks you.
* * * LOW HITPOINT WARNING * * *
The scorpion closely misses you. 😱 HP[-8]
You take 8 damage, and now have 10/46 hp.
Really quaff
k - a potion of berserk rage {!q}? [Y]es or [N]o only, please.
Really quaff
k - a potion of berserk rage {!q}? [Y]es or [N]o only, please.
Really quaff
k - a potion of berserk rage {!q}?
A red film seems to cover your vision as you go berserk!
You feel yourself moving faster!
You feel mighty! The sky beast hits you.
* * * LOW HITPOINT WARNING * * *
The sky beast shocks you.
* * * LOW HITPOINT WARNING * * *
The scorpion stings you!
You die...

Skill      XL: |  1  2  3  4  5  6  7 |
---------------+----------------------+-----
Dodging        | 4 5 6 7 8 |  8.8
Fighting       | |  3.0
Shields        | |  3.0
Unarmed Combat | |  2.0

Action                   |  1- 3 |  4- 6 |  7- 9 || total
-------------------------+-------+-------+-------++-------
Melee: Unarmed           |    75 |    80 |       ||   155
       Constrict         |    23 |    46 |    10 ||    79
       Tentacles         |    14 |    50 |    15 ||    79
       Punch             |     2 |     8 |       ||    10
       Dagger            |       |    94 |    71 ||   165
  Use: Potion            |     2 |     1 |     1 ||     4
       Scroll            |     2 |    11 |     1 ||    14
 Stab: Sleeping          |     7 |     8 |     1 ||    16
Armor: Skin              |     5 |     7 |       ||    12
Dodge: Dodged            |    38 |   107 |    23 ||   168
Block: Buckler           |    14 |    26 |    25 ||    65

Levels and vault maps discovered:
D:1:      mrwooster_arrival_statue_3, layout_basic
D:2:      layout_loops_corners, basic_altar, minmay_increasing_density
D:3:      minmay_door_path, layout_rooms,
          hellmonk_ecumenical_altar_heavens_door, kennysheep_generic_room_6,
          uniq_robin, uniq_ijyb, uniq_natasha
D:4:      layout_layer_cave, mainiacjoe_overflow_brackets, st_stairs_7,
          minmay_goblin_kobold_house
D:5:      layout_basic, interstate_on_off, minmay_holes

Notes
Turn   | Place    | Note
-------+----------+-------------------------------------------
     0 | D:1      | spaghetti the Octopode Fighter began the quest for the Orb.
     0 | D:1      | Reached XP level 1. HP: 16/16 MP: 1/1
     0 | D:1      | magus.rc [v1.9.6]
   514 | D:1      | Reached XP level 2. HP: 21/21 MP: 2/2
  1135 | D:2      | Found a stormy altar of Qazlal.
  1184 | D:2      | Reached skill level 4 in Dodging
  1189 | D:2      | Reached XP level 3. HP: 12/26 MP: 3/3
  2083 | D:2      | Reached skill level 5 in Dodging
  2083 | D:2      | Reached XP level 4. HP: 22/31 MP: 4/4
  2673 | D:3      | Noticed Natasha
  2767 | D:3      | Killed Natasha
  2768 | D:3      | Reached XP level 5. HP: 25/36 MP: 5/5
  2949 | D:3      | Noticed Robin
  3099 | D:3      | Found a faded altar of an unknown god.
  3125 | D:3      | Killed Robin
  3126 | D:3      | Reached skill level 6 in Dodging
  3656 | D:3      | Noticed Ijyb
  3672 | D:3      | Killed Ijyb
  3771 | D:3      | Noticed Natasha
  3779 | D:3      | Killed Natasha
  3780 | D:3      | Reached XP level 6. HP: 22/42 MP: 6/6
  4117 | D:3      | Noticed Natasha
  4124 | D:3      | Killed Natasha
  4234 | D:4      | Reached skill level 7 in Dodging
  4644 | D:4      | Found a sacrificial altar of Ru.
  5117 | D:4      | Reached XP level 7. HP: 44/46 MP: 7/7
  5479 | D:5      | Entered Level 5 of the Dungeon
  5590 | D:5      | Reached skill level 8 in Dodging
  5989 | D:5      | HP: 10/46 [sky beast (6)]
  5990 | D:5      | Slain by a scorpion

Vanquished Creatures
  A sky beast (D:5)
  An ogre (D:5)
  A bullfrog (D:4)
  Ijyb (D:3)
  3 iguanas
  Natasha (thrice) (D:3)
  2 orc wizards (D:4)
  Robin (D:3)
  4 gnolls
  5 adders
  A shadow imp (D:4)
  5 dart slugs
  15 orcs
  7 bats
  5 endoplasms
  2 giant cockroaches
  19 goblins
  10 hobgoblins
  5 jackals (D:2)
  3 quokkas
  6 ball pythons
  5 frilled lizards
  5 kobolds
  5 rats
115 creatures vanquished.

Table legend:
 A = Non-vault XP
 B = Vault XP
 C = Vault XP percentage of total XP
 D = Non-vault monster count
 E = Vault monster count
 F = Vault count percentage of total count
                 A         B        C        D         E       F
            +---------+---------+-------+---------+---------+-------
      Total |     849 |     158 |  15.7 |      84 |      31 |  27.0
            +---------+---------+-------+---------+---------+-------
        D:1 |      19 |       0 |   0.0 |      11 |       0 |   0.0
        D:2 |     112 |      18 |  13.8 |      27 |      10 |  27.0
        D:3 |     109 |     132 |  54.8 |      15 |      17 |  53.1
        D:4 |     269 |       8 |   2.9 |      22 |       4 |  15.4
        D:5 |     340 |       0 |   0.0 |       9 |       0 |   0.0
            +---------+---------+-------+---------+---------+-------

Illustrated notes

Table legend:
 A = Kills in this place as a percentage of kills in entire the game.
 B = Kills by you in this place as a percentage of kills by you in the entire game.
 C = Kills by friends in this place as a percentage of kills by friends in the entire game.
 D = Other kills in this place as a percentage of other kills in the entire game.
 E = Experience gained in this place as a percentage of experience gained in the entire game.
 F = Experience gained in this place divided by the number of levels of this place that you have seen.
                   A       B       C       D       E      F
               +-------+-------+-------+-------+-------+----------------------
         Total | 100.0 | 100.0 |   N/A |   N/A | 100.0 | 201.4
       Dungeon | 100.0 | 100.0 |   N/A |   N/A | 100.0 | 201.4
               +-------+-------+-------+-------+-------+----------------------

Table legend: (Time is in decaauts)
 A = Elapsed time spent in this place.
 B = Non-inter-level travel time spent in this place.
 C = Inter-level travel time spent in this place.
 D = Time resting spent in this place.
 E = Time spent auto-exploring this place.
 F = Levels seen in this place.
 G = Mean time per level.
                   A        B        C        D        E       F      G
               +--------+--------+--------+--------+--------+-----+--------+
         Total |   5927 |   5815 |    112 |   1582 |   3426 |   5 | 1185.4 |
       Dungeon |   5927 |   5815 |    112 |   1582 |   3426 |   5 | 1185.4 |
               +--------+--------+--------+--------+--------+-----+--------+

Top non-repeatable levels by time:
     D:2: 1760 daAuts
     D:4: 1418 daAuts
     D:3: 1325 daAuts
     D:1: 1104 daAuts
     D:5: 318 daAuts
